 Dungeon Crawl Stone Soup version 0.31-a0-202-g547052bce9 (webtiles) character file.

Game seed: 13470560900205924964

109 qw the Skirmisher (level 4, 0/25 HPs)
             Began as a Deep Elf Hunter on June 26, 2023.
             Succumbed to Sigmund's poison
             ... on level 3 of the Dungeon.
             The game lasted 00:00:40 (1729 turns).

qw the Skirmisher (Deep Elf Hunter)                 Turns: 1729, Time: 00:00:40

Health: 0/25       AC:  7    Str: 10    XL:     4   Next: 60%
Magic:  6/6        EV: 11    Int: 14    God:
Gold:   113        SH:  0    Dex: 18    Spells: 3/3 levels left

rFire   . . .        Y - +0 arbalest (chaos)
rCold   . . .        (shield currently unavailable)
rNeg    . . .        a - +0 ring mail
rPois   .            g - +0 helmet
rElec   .            (no cloak)
rCorr   .            (no gloves)
SInv    .            j - +0 pair of boots
Will    .....        (no amulet)
Stlth   +            (no ring)
HPRegen 0.24/turn    (no ring)
MPRegen 0.10/turn

%: no passive effects
@: lethally poisoned (0 -> -11)
A: no striking features
a: no special abilities


You were on level 3 of the Dungeon.
You visited 1 branch of the dungeon, and saw 3 of its levels.

You collected 113 gold pieces.


   Skills:
 - Level 1.5 Fighting
 + Level 8.0 Ranged Weapons
 - Level 2.4 Dodging
 - Level 1.2 Stealth


You had 3 spell levels left.
You didn't know any spells.
Your spell library was empty.

Inventory:

Hand Weapons
 Y - a +0 arbalest of chaos (weapon)
Armour
 a - a +0 ring mail (worn)
 g - a +0 helmet (worn)
 j - a +0 pair of boots (worn)
Jewellery
 e - a ring of ice
Scrolls
 h - a scroll of identify
Potions
 b - a potion of heal wounds {unknown}
 c - a potion of might {unknown}
 d - a potion of curing {unknown}
 f - a potion of attraction {unknown}
 i - a potion of enlightenment {unknown}

Dungeon Overview and Level Annotations

Branches:
Dungeon (3/15)

Altars:

Annotations:
D:3 Sigmund


Message History

Enter note:
Enter note:
Enter note:
Enter note:
Enter note:
Enter note: You feel very sick.
Enter note:
Enter note:
Enter note: You feel sick.
Sigmund rages.
Sigmund hits you but does no damage.
You are more poisoned.
Enter note:
Enter note:
Enter note:
Enter note:
Enter note:
Enter note:
Enter note:
Enter note:
Enter note:
Enter note:
Enter note:
Enter note: You feel very sick.
Enter note:
Enter note:
Enter note:
Enter note:
Enter note:
Enter note:
Enter note:
Enter note:
Enter note:
Enter note:
Enter note:
Enter note: You die...

................ #.%....###.#
########.#############.....###...
#..............<.....'......##...
#.######.##...##..####....#.##...
#............###+###.###.#
#.#######....<#..##.# ......
#.......%.....'... .# ###...
#########%....#########+#### #..#
........'.......@..@............#
#########.....######...[.......>#
#.....# #..........## #######
#.......... #........ #........
#........ #.......! #........


You could see Sigmund (berserk, fast).

Vanquished Creatures
  4 adders
  A worm (D:2)
  4 orcs (D:3)
  2 ball pythons (D:1)
  4 endoplasms
  4 giant cockroaches
  3 goblins
  6 hobgoblins
  7 jackals (D:1)
  3 quokkas
  8 bats
  5 frilled lizards
  4 kobolds
  7 rats
62 creatures vanquished.

Notes
Turn   | Place    | Note
-------+----------+-------------------------------------------
     0 | D:1      | qw the Deep Elf Hunter began the quest for the Orb.
     0 | D:1      | Reached XP level 1. HP: 12/12 MP: 3/3
     0 | D:1      | 0 ||| qw: Version: 0.3-a-22-g0ed2b0b
     0 | D:1      | 0 ||| qw: Game counter: 5858
     0 | D:1      | 0 ||| qw: Melee chars always use a shield: true
     0 | D:1      | 0 ||| qw: God list: Okawaru
     0 | D:1      | 0 ||| qw: Allow faded altars: false
     0 | D:1      | 0 ||| qw: Do Orc after clearing Dungeon:15 true
     0 | D:1      | 0 ||| qw: Do second Lair branch before Depths: true
     0 | D:1      | 0 ||| qw: Lair rune preference: random
     0 | D:1      | 0 ||| qw: Goals: Normal
     0 | D:1      | 0 ||| PLANNING D:1-11
    74 | D:1      | Reached skill level 6 in Ranged Weapons
    74 | D:1      | Reached XP level 2. HP: 16/16 MP: 4/4
   383 | D:1      | Reached XP level 3. HP: 20/20 MP: 5/5
   679 | D:1      | 679 ||| READING scroll labelled HUZA YNWERIR.
   680 | D:1      | 680 ||| READING scroll labelled TYTEUD CAARHE.
   681 | D:1      | 681 ||| DROPPING scroll of butterflies.
   848 | D:2      | Reached skill level 7 in Ranged Weapons
   890 | D:2      | 890 ||| SWAPPING to +0 arbalest.
   892 | D:2      | 892 ||| DROPPING +0 shortbow.
  1113 | D:2      | Reached XP level 4. HP: 25/25 MP: 6/6
  1237 | D:2      | 1237 ||| UPGRADING to +0 ring mail.
  1247 | D:2      | 1247 ||| DROPPING +0 leather armour.
  1248 | D:2      | 1248 ||| UPGRADING to +0 helmet.
  1253 | D:2      | 1253 ||| UPGRADING to +0 pair of boots.
  1258 | D:2      | 1258 ||| READING scroll labelled COFRUS CYOCUSH.
  1259 | D:2      | 1259 ||| READING scroll labelled NOULYRELANG.
  1662 | D:3      | Reached skill level 8 in Ranged Weapons
  1720 | D:3      | Noticed Sigmund
  1727 | D:3      | HP: 6/25 [poisoned by Sigmund]
  1729 | D:3      | Succumbed to Sigmund's poison

Levels and vault maps discovered:
D:1:      doesnt_arrival_eight_statues, layout_loops_ring,
          minmay_misc_feat_hallway
D:2:      layout_basic
D:3:      layout_basic, uniq_sigmund

Skill      XL: |  1  2  3  4 |
---------------+-------------+-----
Ranged Weapons | 6 7 8 |  8.0
Fighting       | |  1.5
Dodging        | |  2.4
Stealth        | |  1.2

Action                     |  1- 3 |  4- 6 || total
---------------------------+-------+-------++-------
   Fire: Shortbow          |    67 |       ||    67
         Arbalest          |    18 |    43 ||    61
    Use: Scroll            |     2 |     2 ||     4
 Armour: Leather armour    |     4 |       ||     4
         Ring mail         |       |     7 ||     7
  Dodge: Dodged            |     8 |    10 ||    18

Table legend:
 A = Non-vault XP
 B = Vault XP
 C = Vault XP percentage of total XP
 D = Non-vault monster count
 E = Vault monster count
 F = Vault count percentage of total count
                 A         B        C        D         E       F
            +---------+---------+-------+---------+---------+-------
      Total |     157 |       0 |   0.0 |      62 |       0 |   0.0
            +---------+---------+-------+---------+---------+-------
        D:1 |      44 |       0 |   0.0 |      26 |       0 |   0.0
        D:2 |      55 |       0 |   0.0 |      19 |       0 |   0.0
        D:3 |      58 |       0 |   0.0 |      17 |       0 |   0.0
            +---------+---------+-------+---------+---------+-------
